 Dungeon Crawl Stone Soup version 0.14-a0-1036-g6cac21b (webtiles) character file.

249 4tharraofdagon the Chopper (level 5, -4/38 HPs)
             Began as a Formicid Berserker on Nov 24, 2013.
             Was a Believer of Trog.
             Killed from afar by an orc wizard (7 damage)
             ... with a magic dart
             ... on Level 9 of the Dungeon.
             The game lasted 00:08:51 (1085 turns).

4tharraofdagon the Chopper (Formicid Berserker)     Turns: 1085, Time: 00:08:51

HP  -4/38        AC 10     Str 23      XL: 5   Next: 43%
MP   5/5         EV  7     Int  6      God: Trog [**....]
Gold 135         SH  0     Dex 10      Spells:  0 memorised,  4 levels left

Res.Fire  : . . .   See Invis. : +   d - +0,+1 orc hand axe
Res.Cold  : . . .   Warding    : .   i - +0 chain mail
Life Prot.: . . .   Conserve   : .   (no shield)
Res.Poison: x       Res.Corr.  : .   (helmet unavailable)
Res.Elec. : .       Clarity    : .   (no cloak)
Sust.Abil.: . .     Spirit.Shd : .   (no gloves)
Res.Mut.  : .       Stasis     : +   (no boots)
Res.Rott. : .       Flight     : .   (no amulet)
Saprovore : . . .                    (no ring)
                                     (no ring)

@: slightly resistant to hostile enchantments, extremely unstealthy
A: permanent stasis, dig shafts and tunnels, four strong arms, poison weakness,
antennae 3, exoskeleton 1
a: Dig, Shaft Self, Burn Spellbooks, Berserk, Trog's Hand, Renounce Religion


You were on level 9 of the Dungeon.
You worshipped Trog.
Trog was pleased with you.
You were not hungry.

You visited 1 branch of the dungeon, and saw 11 of its levels.

You collected 135 gold pieces.

Inventory:

Hand weapons
 a - a +0,+0 hand axe
 d - a +0,+1 orcish hand axe (weapon)
 m - a +0 orcish blowgun
 n - a +0,+1 orcish hand axe
Missiles
 h - 16 darts of flame (quivered)
Armour
 b - a +0 animal skin
 e - a +0 orcish ring mail
 i - a +0 chain mail (worn)
Magical devices
 l - a wand of enslavement (12)
Comestibles
 c - a bread ration
 j - 2 rotting chunks of hound flesh
 o - a choko
Scrolls
 f - a scroll of amnesia {unknown}
 g - a scroll of identify {unknown}
 k - a scroll of fear {unknown}


   Skills:
 + Level 3.8 Fighting
 * Level 4.2 Axes
 + Level 3.2 Armour
 - Level 1.7 Dodging
 + Level 1.4 Evocations


You had 4 spell levels left.
You didn't know any spells.

Dungeon Overview and Level Annotations

Branches:
Dungeon (12/16)
 Temple: D:4-7          Orc: D:9-12        Lair: D:8-11

Altars:

Shops:
D:11 ==(


Innate Abilities, Weirdness & Mutations

Your are under a permanent stasis effect.
You can dig through walls and to a lower floor.
Your four strong arms can wield any weapon, most with a shield.
You are susceptible to poison.
You have a pair of large antennae on your head (SInv).
Your body is surrounded by an exoskeleton. (HP +5, AC +1)


Message History

The orc wizard is almost dead.
The orc wizard barely misses you.
Unknown command.
You hit the orc wizard.
The orc wizard is almost dead.
The orc wizard hits you with an orcish flail.
* * * LOW HITPOINT WARNING * * *
Unknown command.
You hit the orc wizard but do no damage.
The orc wizard is almost dead.
Your skin stops crawling.
You feel less resistant to hostile enchantments.
The orc wizard hits you with an orcish flail.
* * * LOW HITPOINT WARNING * * *
Unknown command.
Use which ability? (? or * to list)
You fail to use your ability.
The orc wizard gestures at you while chanting.
The magic dart hits you!
You die...

#..# #..# .... #..# {
.$............. #####..#
............... .......#
#.............? ######.#
#............%. #.#
#..............
#.############..............
#.##.......@##..............
#.##......%o##..............
#..................o...o....
####........##.......%.....o
###########..............
###############


You could see an orc wizard (invisible).

Vanquished Creatures
  An ogre (D:9)
  A hound (D:11)
  An orc wizard (D:10)
  An adder (D:4)
  A giant centipede (D:9)
  9 orcs
  7 bats
  2 giant cockroaches (D:4)
  4 hobgoblins
  A goblin (D:2)
  2 kobolds
  A quokka (D:11)
  2 rats
33 creatures vanquished.

Notes
Turn   | Place    | Note
--------------------------------------------------------------
     0 | D:1      | 4tharraofdagon, the Formicid Berserker, began the quest for the Orb.
     0 | D:1      | Reached XP level 1. HP: 19/19 MP: 0/0
     3 | D:1      | Yolobear: why are you trying again
    39 | D:1      | Turgon: New function for watching 4thArra's games: auto-login
   111 | D:1      | Reached XP level 2. HP: 15/24 MP: 1/1
   133 | D:2      | Daniel: yeah, someone make script please :D
   153 | D:4      | Turgon: :-)
   157 | D:4      | Yolobear: why never long blades btw?
   161 | D:4      | Bloax: if only there was such a function
   168 | D:4      | Bloax: because fuggen cleave m8
   177 | D:4      | Bloax: fuggen good with shields and exec axe
   180 | D:4      | Daniel: because cleaving
   187 | D:4      | Reached XP level 3. HP: 16/29 MP: 2/2
   191 | D:4      | Daniel: cleaving>all
   199 | D:4      | Yolobear: I mean
   200 | D:4      | araganzar: so bloax any recommendations for FoVM
   231 | D:4      | Bloax: exploit antennae and sting
   231 | D:4      | hi green death
   241 | D:4      | Bloax: get some conjurations and poison
   241 | D:4      | araganzar: what about stuff like zombies
   264 | D:4      | Bloax: learn mephitic
   264 | D:4      | Yolobear: sexually harass them
   264 | D:4      | Bloax: for zombies you just walk away
   269 | D:4      | Bloax: or go maces
   269 | D:4      | araganzar: i respect zombies sexually
   269 | D:4      | Bloax: now you shaft
   269 | D:4      | Bloax: and die
   271 | D:4      | You fall through a shaft!
   271 | D:5      | Entered Level 5 of the Dungeon
   282 | D:6      | Bloax: to poison
   290 | D:6      | Daniel: talk to your people 4th
   404 | D:6      | Daniel: you are the hero of ants
   421 | D:6      | Noticed a wyvern skeleton
   491 | D:7      | Yolobear: welcome to D7
   495 | D:7      | Turgon: Fight with bread ration?
   507 | D:7      | Yolobear: the fun floor
   526 | D:6      | Daniel: see?
   538 | D:6      | Noticed a giant frog
   541 | D:6      | Noticed a wyvern skeleton
   542 | D:6      | You fall through a shaft!
   558 | D:9      | Bloax: welcome to d:9
   558 | D:9      | Daniel: that tele trap would tele you into certain death
   580 | D:9      | Daniel: if not fo
   600 | D:9      | Daniel: fo op
   602 | D:9      | You fall through a shaft!
   602 | D:10     | Entered Level 10 of the Dungeon
   606 | D:10     | Noticed an ogre
   606 | D:10     | Daniel: should nerf
   606 | D:10     | Bloax: welcome to d:10
   610 | D:10     | You fall through a shaft for 2 floors!
   617 | D:12     | Noticed a komodo dragon zombie
   619 | D:12     | Bloax: d:12, osrry
   635 | D:12     | Yolobear: once you go shaft
   642 | D:11     | Found Sukiasm's Jewellery Boutique.
   642 | D:11     | Found Lodywoud's Jewellery Boutique.
   646 | D:11     | Yolobear: you always try to go back
   652 | D:11     | Yolobear: but you cant
   662 | D:11     | Yolobear: because you went shaft
   663 | D:11     | Bloax: too overpowered
   665 | D:11     | Found Xuyhu's Antique Weapon Emporium.
   667 | D:11     | Turgon: Welcome to D:12, D:13, D:14 - the ettin hits you - welcome to highscore table
   677 | D:11     | Bloax: dubble sword
   694 | D:11     | Yolobear: but its 1handed
   711 | D:12     | Yolobear: aka for teh weak
   726 | D:12     | Noticed a slime creature
   732 | D:12     | Noticed a slime creature
   732 | D:12     | Noticed a slime creature
   805 | D:11     | Reached skill level 4 in Axes
   805 | D:11     | Reached XP level 4. HP: 25/33 MP: 3/3
   833 | D:11     | Yolobear: is there any way you can abuse shafting?
   868 | D:10     | Turgon: He always does
   876 | D:10     | Turgon: (for saving turns)
   882 | D:10     | Yolobear: I mean
   891 | D:10     | Yolobear: is there anywhing on the low floors
   895 | D:10     | Reached skill level 1 in Evocations
   895 | D:10     | Reached XP level 5. HP: 29/38 MP: 5/5
   902 | D:10     | Acquired Trog's second power
   908 | D:10     | Daniel: free exp
   913 | D:10     | Bloax: Besides certain death?
   922 | D:10     | Daniel: and exp potions
   933 | D:9      | an ogre (ally) was killed
   938 | D:9      | Noticed a yak
   983 | D:9      | Bloax: oh look
   987 | D:9      | Bloax: deep red poison centipede
  1009 | D:9      | Bloax: aw
  1085 | D:9      | Killed from afar by an orc wizard

Action                   |  1- 3 |  4- 6 || total
-------------------------+-------+-------++-------
Melee: Hand axe          |    81 |    65 ||   146
Throw: Dart              |     5 |     6 ||    11
Invok: Trog's Hand       |       |     3 ||     3
 Abil: Shaft Self        |     3 |       ||     3
Evoke: Wand              |     3 |     3 ||     6
  Use: Potion            |     1 |       ||     1
